Map: Celestial Enclave LE

Players

Serral

  • Race: Zerg Zerg
  • League: Grandmaster
  • Spawn Location: 1:00

Reynor - Winner!

  • Race: Zerg Zerg
  • League: Master
  • Spawn Location: 7:00

VOD

Have the link to the VOD?

Description

Time

  • Played on: Feb. 1, 2026, 7:12 a.m.
  • Length: 8:06
Show
View Real Time Build Order
Export as new Build Order

Serral Zerg 

Build Orders: Hatch First 

Get SALT Encoding   

  12  0:00  Drone  
  13  0:09  Drone  
  14  0:14  Extractor  
  14  0:15  Drone  
  15  0:35  Hatchery  
  15  0:41  Extractor, Drone  
  15  0:46  Overlord  
  15  1:01  Spawning Pool  
  14  1:05  Drone  
  14  1:07  Drone  
  17  1:11  Drone  
  17  1:16  Drone  
  18  1:28  Drone  
  20  1:40  Drone  
  20  1:48  Queen x2  
  20  1:49  Drone  
  25  1:54  Overlord  
  25  1:59  Drone x2  
  27  2:09  Drone  
  27  2:15  Hatchery  
  27  2:17  Drone  
  27  2:20  Drone  
  27  2:21  Drone  
  30  2:29  Queen  
  32  2:32  Drone  
  32  2:36  Overlord  
  33  2:41  Drone  
  33  2:42  Drone  
  35  2:46  Extractor  
  34  2:53  Drone  
  34  2:58  Drone x6  
  41  3:00  Drone  
  42  3:07  Overlord  
  42  3:10  Drone  
  43  3:17  Extractor  
  43  3:18  Roach Warren  
  41  3:22  Drone x2  
  43  3:28  Overlord  
  43  3:31  Drone x4  
  46  3:36  Evolution Chamber  
  46  3:37  Drone  
  46  3:38  Drone x3  
  46  3:40  Extractor  
  48  3:42  Drone x2  
  50  3:49  Drone  
  50  3:51  Lair  
  50  3:53  Drone  
  50  3:54  Drone  
  53  4:00  Drone  
  54  4:05  Drone x4  
  54  4:08  Hatchery  
  57  4:10  Zerg Missile Weapons Level 1  
  57  4:12  Extractor  
  57  4:13  Drone x2  
  57  4:14  Drone  
  57  4:15  Drone  
  60  4:19  Drone x3  
  60  4:21  Extractor  
  60  4:22  Drone  
  63  4:24  Overlord  
  63  4:26  Drone  
  63  4:28  Overlord  
  63  4:30  Drone  
  65  4:33  Pneumatized Carapace  
  65  4:35  Overlord  
  65  4:36  Drone  
  66  4:41  Overlord  
  66  4:42  Drone x3  
  69  4:47  Drone x4  
  69  4:48  Overseer  
  69  4:50  Glial Reconstitution  
  73  4:54  Drone x3  
  73  4:57  Drone  
  73  4:58  Roach  
  79  5:00  Roach  
  79  5:02  Roach  
  79  5:03  Roach  
  85  5:07  Overlord  
  85  5:12  Overlord  
  85  5:13  Roach x3  
  91  5:18  Roach x2  
  91  5:19  Roach  
  97  5:23  Roach x2  
  97  5:24  Roach  
  97  5:28  Extractor, Roach x2  
  106  5:33  Roach x3  
  112  5:40  Overlord  
  112  5:43  Queen  
  112  5:44  Overlord x3  
  112  5:45  Extractor  
  112  5:46  Roach  
  112  5:47  Roach  
  117  5:50  Drone  
  117  5:51  Overlord  
  117  5:56  Roach  
  120  5:58  Overseer  
  120  6:00  Roach  
  120  6:01  Roach x3  
  128  6:05  Evolution Chamber  
  128  6:10  Roach x4  
  135  6:14  Ravager x4  
  135  6:17  Roach  
  135  6:18  Roach x2  
  145  6:22  Roach  
  145  6:23  Roach x2  
  151  6:30  Roach x5  
  151  6:33  Roach  
  151  6:38  Roach x4  
  135  6:40  Roach  
  135  6:42  Roach x2  
  135  6:45  Roach  
  127  6:48  Roach  
  127  6:53  Roach x5  
  126  6:56  Roach  
  126  6:58  Roach x2  
  126  7:00  Roach  
  120  7:06  Roach x3  
  120  7:07  Ravager  
  125  7:09  Ravager, Roach  
  125  7:10  Roach x2  
  125  7:13  Ravager  
  133  7:17  Roach x3  
  133  7:18  Roach  
  133  7:20  Overlord  
  139  7:24  Roach x4  
  139  7:28  Queen  
  143  7:31  Roach x2  
  143  7:33  Roach  
  143  7:34  Ravager  
  148  7:42  Roach x5  
Show
View Real Time Build Order
Export as new Build Order

Reynor Zerg - Winner!

Build Orders: 3 Hatch before Pool 

Get SALT Encoding   

  12  0:00  Drone  
  13  0:07  Drone  
  13  0:14  Extractor, Drone  
  13  0:21  Overlord  
  15  0:39  Drone  
  16  0:44  Hatchery  
  16  0:48  Drone  
  16  0:52  Drone  
  16  0:55  Drone  
  18  1:06  Drone  
  19  1:20  Hatchery  
  18  1:30  Spawning Pool  
  18  1:31  Drone  
  18  1:35  Drone  
  18  1:39  Drone  
  20  1:47  Drone  
  21  1:57  Drone  
  21  1:58  Drone  
  23  2:07  Drone  
  24  2:09  Overlord  
  24  2:17  Queen x2  
  28  2:27  Drone x2  
  28  2:29  Drone  
  31  2:30  Drone  
  31  2:32  Queen  
  31  2:36  Drone  
  35  2:40  Drone  
  35  2:41  Drone  
  37  2:46  Overlord  
  37  2:50  Drone, Extractor  
  37  2:52  Drone  
  37  2:54  Queen  
  37  2:58  Drone  
  41  3:01  Drone  
  41  3:04  Drone  
  41  3:05  Drone  
  44  3:12  Overlord  
  44  3:13  Extractor  
  44  3:14  Drone  
  44  3:16  Drone  
  44  3:18  Roach Warren  
  44  3:22  Drone  
  44  3:24  Drone  
  44  3:25  Drone x4  
  50  3:31  Drone x2  
  52  3:34  Overlord  
  52  3:38  Drone x2  
  52  3:39  Drone  
  52  3:40  Drone x2  
  57  3:45  Drone  
  57  3:46  Overlord  
  57  3:47  Evolution Chamber  
  57  3:49  Drone  
  57  3:52  Lair  
  58  3:56  Drone  
  58  3:57  Drone  
  58  3:59  Drone  
  58  4:00  Drone  
  58  4:01  Drone x2  
  64  4:04  Overlord  
  64  4:05  Drone x2  
  64  4:06  Extractor  
  64  4:07  Drone  
  66  4:10  Drone, Extractor  
  66  4:11  Drone  
  66  4:16  Zerg Missile Weapons Level 1  
  67  4:18  Drone  
  67  4:19  Drone  
  67  4:20  Drone  
  67  4:21  Drone x3  
  73  4:29  Overlord  
  73  4:31  Drone x2  
  73  4:32  Drone  
  73  4:33  Drone, Extractor  
  73  4:34  Extractor  
  73  4:35  Drone x3  
  78  4:40  Hatchery  
  78  4:45  Overlord  
  77  4:46  Roach x2  
  77  4:49  Overseer  
  77  4:50  Glial Reconstitution  
  77  4:51  Roach x3  
  87  4:53  Overlord  
  87  4:55  Roach  
  89  5:01  Overlord x2  
  89  5:02  Overlord  
  89  5:05  Roach x2  
  93  5:16  Roach x5  
  93  5:18  Overlord  
  93  5:19  Roach  
  105  5:24  Roach  
  105  5:25  Roach x2  
  105  5:26  Overlord  
  115  5:28  Roach x2  
  115  5:31  Roach x2  
  115  5:34  Roach  
  121  5:36  Overlord  
  121  5:40  Roach x3  
  121  5:41  Roach  
  129  5:44  Roach  
  131  5:50  Roach  
  131  5:52  Roach  
  131  5:53  Ravager  
  131  5:54  Ravager x4  
  131  5:55  Unknown  
  139  5:59  Roach x4  
  139  6:00  Drone x2  
  139  6:03  Overlord  
  149  6:05  Roach x2  
  149  6:06  Roach  
  155  6:14  Overlord  
  155  6:17  Roach  
  155  6:18  Roach  
  159  6:19  Overlord  
  159  6:21  Roach x2  
  159  6:23  Overlord  
  152  6:33  Roach x6  
  152  6:37  Roach x2  
  152  6:38  Roach  
  139  6:48  Roach x5  
  139  6:54  Roach x5  
  145  7:04  Roach x6  
  153  7:15  Ravager  
  153  7:16  Ravager x3  
  153  7:17  Roach x7  
  171  7:23  Roach x3  
  171  7:28  Roach x3  
  183  7:31  Ravager  
  183  7:33  Roach x3  
  184  7:39  Roach  
  184  7:40  Roach x3  
  184  7:42  Roach  
Tags
 
Add a new tag
Caveats
  • Supply blocks, unpowered buildings, or Contaminate may cause inaccurate times.
  • Supply counts are checked every 10 seconds.